 Dungeon Crawl Stone Soup version 0.22.1-2-g9c5b331 (webtiles) character file.

1250 Lilu the Skirmisher (level 8, -2/74 HPs)
             Began as a Minotaur Abyssal Knight on Nov 13, 2018.
             Was an Elder of Lugonu.
             Slain by a howler monkey (5 damage)
             ... on level 6 of the Dungeon.
             The game lasted 00:22:52 (6226 turns).

Lilu the Skirmisher (Minotaur Abyssal Knight)       Turns: 6226, Time: 00:22:53

Health: -2/74      AC: 11    Str: 18    XL:     8   Next: 26%
Magic:  10/10      EV:  8    Int:  9    God:    Lugonu [****..]
Gold:   246        SH:  0    Dex: 11    Spells: 7/7 levels left

rFire    . . .     SeeInvis .   E - +0 battleaxe
rCold    . . .     Gourm    +   (shield currently unavailable)
rNeg     . . .     Faith    .   C - +0 chain mail
rPois    .         Spirit   .   (helmet restricted)
rElec    .         Reflect  .   m - scarf {repulsion}
rCorr    .         Harm     .   k - +0 pair of gloves
MR       .....                  (no boots)
Stlth    ..........             y - amulet of the gourmand
HPRegen  0.22/turn              (no ring)
MPRegen  0.12/turn              (no ring)

@: repel missiles
A: retaliatory headbutt, horns 2
a: Depart the Abyss, Bend Space, Banish, Corrupt, Renounce Religion


You were on level 6 of the Dungeon.
You worshipped Lugonu.
Lugonu was greatly pleased with you.
You were completely stuffed.

You visited 1 branch of the dungeon, and saw 6 of its levels.
You visited the Abyss 1 time.

You collected 246 gold pieces.

Inventory:

Hand Weapons
 a - a +1 hand axe
 p - a +0 scythe
 v - a +0 blowgun
 w - a +0 hunting sling
 E - a +0 battleaxe (weapon)
 I - a +0 war axe
Missiles
 e - 168 stones
 g - 36 arrows
 h - 40 sling bullets
 i - 36 bolts
 s - 4 javelins
 u - 7 tomahawks
 x - 38 poisoned needles
 z - 5 silver javelins (quivered)
Armour
 k - a +0 pair of gloves (worn)
 l - a +0 scale mail
 m - a scarf of repulsion (worn)
 C - a +0 chain mail (worn)
Jewellery
 b - an uncursed amulet of magic regeneration
 y - an amulet of the gourmand (around neck)
Wands
 o - a wand of disintegration (16)
Scrolls
 j - 2 scrolls of remove curse {unknown}
 n - 2 scrolls of amnesia {unknown}
 q - 3 scrolls of identify {unknown}
 t - 2 scrolls of teleportation {unknown}
 A - a scroll of magic mapping {unknown}
 H - a scroll of blinking {unknown}
 K - a scroll of random uselessness {unknown}
Potions
 d - 3 potions of flight {unknown}
 f - a potion of heal wounds {unknown}
 r - a potion of berserk rage {unknown}
 B - a potion of agility {unknown}
 D - a potion of mutation {unknown}
 F - 2 potions of might {unknown}
 G - a potion of resistance {unknown}
 L - a potion of ambrosia {unknown}
Comestibles
 c - 9 rations
 J - 2 chunks of flesh


   Skills:
 * Level 7.9 Fighting
 + Level 6.8 Axes
 + Level 6.0 Armour
 - Level 1.4 Dodging
 + Level 4.0 Invocations


You had 7 spell levels left.
You didn't know any spells.
Your spell library contained the following spells:

 Spells                   Type           Power        Failure   Level  Hunger
 Magic Dart               Conj           #...         99%         1    ##.....
 Blink                    Tloc           N/A          100%        2    ###....
 Call Imp                 Summ           #.......     100%        2    ###....
 Slow                     Hex            #.......     100%        2    ###....
 Conjure Flame            Conj/Fire      #.......     100%        3    ####...
 Mephitic Cloud           Conj/Pois/Air  #.......     100%        3    ####...


Dungeon Overview and Level Annotations

Branches:
Dungeon (6/15)
 Temple: D:4-7

Altars:
Ashenzari
Fedhas
Makhleb
Okawaru
Sif Muna
Trog
Uskayaw

Annotations:
D:5 Pikel


Innate Abilities, Weirdness & Mutations

You reflexively headbutt those who attack you in melee.
You have a pair of horns on your head.


Message History

That felt strangely unrewarding.
The howler monkey hoots and howls with incredible vigour!
The wyvern skeleton bites you!
* * * LOW HITPOINT WARNING * * *
You hear a shout! x2
You slash the wyvern skeleton!
Your headbutt misses the wyvern skeleton.
The wyvern skeleton is heavily damaged.
The wyvern skeleton bites you.
* * * LOW HITPOINT WARNING * * *
The wyvern skeleton bites you.
* * * LOW HITPOINT WARNING * * *
Okay, then.
There is a stone staircase leading up here.
The wyvern skeleton bites you.
* * * LOW HITPOINT WARNING * * *
The howler monkey hits you.
* * * LOW HITPOINT WARNING * * *
The howler monkey hits you.
You die...

#.....#.....#
#...h.#.....#
#.....#.....#
#######.[[..#.....#
.....##.....#....(#
...........(')..).#
....)....(.(#)..(.#
.....##((...#.[Z.(#
#)#####.....#.ph@(#
.....#......#######
.....#.......#
.....#.......#
..#######....# ###
####.# ..# ...#
....#


You could see a slave, a howler monkey and a wyvern skeleton.

Vanquished Creatures
  Menkaure (D:5)
  3 slaves (D:6)
  An ice beast (D:5)
  An ogre (D:5)
  A crocodile (D:3)
  Blork the orc (D:4)
  A bullfrog (D:6)
  A scorpion (D:5)
  A crimson imp (D:5)
  A hound (D:5)
  3 orc priests
  7 orc wizards
  2 iguanas
  A worker ant (D:4)
  A hound skeleton (D:6)
  11 adders
  A shadow imp (D:4)
  2 oozes (D:4)
  An adder skeleton (D:4)
  An adder zombie (D:6)
  2 worms (D:2)
  2 dart slugs
  5 leopard geckos
  23 orcs
  2 ball pythons
  2 giant cockroaches
  11 goblins
  9 hobgoblins
  5 jackals
  4 quokkas
  13 bats
  3 frilled lizards
  16 kobolds
  12 rats
151 creatures vanquished.

Notes
Turn   | Place    | Note
-------+----------+-------------------------------------------
     0 | Abyss:1  | Lilu the Minotaur Abyssal Knight began the quest for the
                  | Orb.
     0 | Abyss:1  | Reached XP level 1. HP: 19/19 MP: 1/1
     1 | Abyss:1  | Found a corrupted altar of Lugonu.
    24 | D:1      | Escaped the Abyss
   115 | D:1      | Reached XP level 2. HP: 13/27 MP: 2/2
   535 | D:1      | Reached skill level 4 in Fighting
   541 | D:1      | Reached ** piety under Lugonu
   685 | D:1      | Reached XP level 3. HP: 33/33 MP: 3/3
  1439 | D:2      | Reached XP level 4. HP: 38/40 MP: 4/4
  1810 | D:2      | Found a hide-covered altar of Uskayaw.
  1811 | D:2      | Found a shattered altar of Ashenzari.
  1811 | D:2      | Found a deep blue altar of Sif Muna.
  1811 | D:2      | Found an iron altar of Okawaru.
  1830 | D:2      | Found a burning altar of Makhleb.
  1831 | D:2      | Found a bloodstained altar of Trog.
  1983 | D:3      | Noticed a crocodile
  1992 | D:3      | HP: 1/41 [crocodile (10)]
  2454 | D:3      | Reached *** piety under Lugonu
  2812 | D:3      | Reached XP level 5. HP: 47/47 MP: 5/5
  2830 | D:3      | Reached skill level 5 in Axes
  2838 | D:3      | Reached skill level 5 in Fighting
  2839 | D:3      | Found a blossoming altar of Fedhas.
  3416 | D:3      | Killed a crocodile
  3416 | D:3      | Reached XP level 6. HP: 27/56 MP: 6/6
  3931 | D:4      | Noticed Blork the orc
  3938 | D:4      | Killed Blork the orc
  4029 | D:4      | Reached **** piety under Lugonu
  4029 | D:4      | Reached skill level 6 in Fighting
  4118 | D:4      | Reached XP level 7. HP: 63/63 MP: 8/8
  4620 | D:5      | Entered Level 5 of the Dungeon
  4671 | D:5      | Reached skill level 5 in Armour
  4820 | D:5      | Noticed Menkaure
  4824 | D:5      | Killed Menkaure
  5061 | D:5      | Reached skill level 7 in Fighting
  5298 | D:5      | Reached XP level 8. HP: 65/73 MP: 9/9
  6143 | D:6      | Noticed Pikel
  6226 | D:6      | HP: 3/74 [howler monkey (1)]
  6226 | D:6      | Slain by a howler monkey

Skill      XL: |  1  2  3  4  5  6  7  8 |
---------------+-------------------------+-----
Invocations    | 2 3 4 |  4.0
Axes           | 3 4 5 6 |  6.8
Fighting       | 4 5 6 7 |  7.9
Armour         | 3 4 5 6 |  6.0
Dodging        | |  1.4

Action                   |  1- 3 |  4- 6 |  7- 9 || total
-------------------------+-------+-------+-------++-------
Melee: Hand axe          |    87 |   158 |     6 ||   251
       Headbutt          |     3 |    26 |    26 ||    55
       Scythe            |       |    19 |       ||    19
       Battleaxe         |       |    21 |   156 ||   177
Invok: Bend Space        |     1 |       |     1 ||     2
  Eat: Chunk             |     2 |    20 |     7 ||    29
Armor: Leather armour    |    18 |       |       ||    18
       Scale mail        |    13 |    47 |       ||    60
       Chain mail        |       |    26 |   118 ||   144
Dodge: Dodged            |    79 |    90 |    52 ||   221
       Deflected         |       |    11 |     5 ||    16
